 Dungeon Sprint DCSS version 0.29-a0-243-g602b31c20e (webtiles) character file.

Game seed: 13765166561955974746

31173 rocky1 the Earth Mage (level 12, -2/82 HPs)
             Began as a Gargoyle Earth Elementalist on Mar 5, 2022.
             Was a High Priest of Sif Muna.
             Slain by a hellwing (5 damage)
             ... summoned by Frances
             ... in the Dungeon (Sprint III: "The Ten Rune Challenge").
             The game lasted 00:35:49 (8317 turns).

rocky1 the Earth Mage (Gargoyle Earth Elementalist) Turns: 8317, Time: 00:35:50

Health: -2/82      AC: 14    Str: 11    XL:     12   Next: 55%
Magic:  9/27       EV: 11    Int: 28    God:    Sif Muna [*****.]
Gold:   85         SH:  0    Dex: 10    Spells: 11/33 levels left

rFire   . . .      SeeInvis .   k - +5 dagger (protect)
rCold   . . .      Faith    .   (no shield)
rNeg    + . .      Spirit   .   p - +2 robe {Will+}
rPois   ∞          Reflect  .   (no helmet)
rElec   +          Harm     .   j - +1 cloak {Stlth+}
rCorr   .          Rampage  .   (no gloves)
Will    +....      NoTele   +   (no boots)
Stlth   +++.......              y - amulet of magic regeneration
HPRegen 0.23/turn               d - +6 ring of intelligence
MPRegen 0.60/turn               (no ring)

@: channelling
A: sickness immunity, AC +8, negative energy resistance 1, electricity
resistance, torment resistance 1, petrification resistance
}: 1/10 runes: barnacled
a: Renounce Religion, Channel Magic, Forget Spell, Divine Exegesis


You were in the Dungeon.
You worshipped Sif Muna.
Sif Muna was extremely pleased with you.
You visited 1 branch You collected 1427 gold pieces.
You spent 1342 gold pieces at shops.

Inventory:

Hand Weapons
 b - a +1 long sword of holy wrath
 k - a +5 dagger of protection (weapon)
 w - a +5 scimitar of electrocution
Missiles
 x - 5 javelins
 z - 19 stones
Armour
 j - a +1 cloak of stealth (worn)
 p - a +2 robe of willpower (worn)
 t - a +0 leather armour
Jewellery
 c - an amulet of regeneration
 d - a +6 ring of intelligence (left hand)
 y - an amulet of magic regeneration (around neck)
Wands
 i - a wand of digging (2)
 r - a wand of acid (10)
 v - a wand of mindburst (27)
Scrolls
 h - a scroll of blinking
 l - a scroll of immolation
 m - a scroll of enchant weapon
 o - a scroll of torment {unknown}
 u - 2 scrolls of fog
 C - a scroll of identify
Potions
 e - a potion of heal wounds
 f - a potion of magic
 g - a potion of berserk rage
 n - 3 potions of flight
 q - 5 potions of mutation
 s - a potion of might
 A - a potion of attraction {unknown}
 D - a potion of brilliance
Miscellaneous
 a - a condenser vane


   Skills:
 + Level 12.7 Fighting
 - Level 1.5 Dodging
 - Level 2.1 Stealth
 + Level 11.3 Spellcasting
 + Level 16.5 Conjurations
 - Level 3.2 Transmutations
 + Level 9.0 Fire Magic
 + Level 18.6 Earth Magic
 + Level 12.1 Invocations
 - Level 8.3 Evocations


You had 11 spell levels left.
You knew the following spells:

 Your Spells              Type           Power      Damage    Failure   Level
a - Stone Arrow           Conj/Erth      100%       3d13      0%          3
b - Iron Shot             Conj/Erth      42%        9d8       1%          6
c - Orb of Destruction    Conj           41%        9d11      3%          7
d - Starburst             Conj/Fire      36%        6d11      2%          6

Your spell library contained the following spells:

 Spells                   Type           Power      Damage    Failure   Level
 Sandblast                Erth           100%       2d20      0%          1
 Searing Ray              Conj           100%       2d8       0%          2
 Beastly Appendage        Tmut           68%        N/A       1%          1
 Sting                    Tmut/Pois      100%       1d8       1%          1
 Passwall                 Tmut/Erth      55%        N/A       1%          2
 Wereblood                Tmut           34%        N/A       1%          2
 Dazzling Flash           Conj/Hex       100%       N/A       1%          3
 Ignite Poison            Fire/Tmut/Pois 38%        N/A       1%          3
 Animate Armour           Summ/Erth      100%       N/A       1%          4
 Fulminant Prism          Conj/Hex       29%        3d14      1%          4
 Hailstorm                Conj/Ice       58%        3d13      1%          4
 Iskenderun's Mystic Bla  Conj/Tloc      58%        2d12      1%          4
 Leda's Liquefaction      Hex/Erth       30%        N/A       1%          4
 Petrify                  Tmut/Erth      67%        N/A       1%          4
 Sticky Flame             Conj/Fire      72%        2d9       1%          4
 Irradiate                Conj/Tmut      31%        3d24      1%          5
 Animate Skeleton         Necr           30%        N/A       3%          1
 Freeze                   Ice            60%        1d8       3%          1
 Slow                     Hex            60%        N/A       3%          1
 Poisonous Vapours        Pois/Air       30%        N/A       5%          2
 Spider Form              Tmut/Pois      25%        N/A       5%          3
 Call Canine Familiar     Summ           15%        N/A       11%         3
 Confusing Touch          Hex            15%        N/A       11%         3
 Frozen Ramparts          Ice            30%        1d5       11%         3
 Portal Projectile        Hex/Tloc       30%        N/A       11%         3
 Vampiric Draining        Necr           15%        2d7       11%         3
 Lehudib's Crystal Spear  Conj/Erth      42%        10d10     17%         8
 Blade Hands              Tmut           17%        N/A       26%         5
 Airstrike                Air            7%         N/A       34%         4
 Dispel Undead            Necr           15%        3d10      34%         4
 Olgreb's Toxic Radiance  Pois           15%        N/A       34%         4
 Summon Ice Beast         Ice/Summ       15%        N/A       34%         4
 Summon Lightning Spire   Summ/Air       15%        N/A       34%         4
 Alistair's Intoxication  Tmut/Pois      16%        N/A       45%         5
 Yara's Violent Unravell  Hex/Tmut       12%        3d7       45%         5
 Excruciating Wounds      Necr           7%         N/A       69%         5
 Summon Forest            Summ/Tloc      7%         N/A       69%         5
 Summon Mana Viper        Hex/Summ       15%        N/A       69%         5
 Summon Cactus Giant      Summ           7%         N/A       99%         6
 Dragon Form              Tmut           17%        N/A       100%        7
 Enfeeble                 Hex            7%         N/A       100%        7
 Discord                  Hex            7%         N/A       100%        8
 Necromutation            Tmut/Necr      12%        N/A       100%        8
 Chain Lightning          Conj/Air       29%        3d38      100%        9


Dungeon Overview and Level Annotations

Branches:
Dungeon (1/1)

Altars:
Cheibriados
Dithmenos
Elyvilon
Fedhas
Gozag
Hepliaklqana
Kikubaaqudgha
Makhleb
Nemelex Xobeh
Okawaru
Qazlal
Ru
Sif Muna
Trog
Uskayaw
Vehumet
Wu Jian
Xom
Yredelemnul
Zin
The Shining One
Beogh
Jiyva
Lugonu

Shops:
D ?[=!

Annotations:
D Donald, Frances


Innate Abilities, Weirdness & Mutations

You are immune to sickness and miasma.
Your stone body is resilient. (AC +8)
You are immune to poison.
You resist negative energy. (rN+)
You are resistant to electric shocks. (rElec)
You are resistant to unholy torment.
You are immune to petrification.


Message History

The hellwing swoops through the air toward you!
The hellwing hits you but does no damage. x2
Casting: Iron Shot (dangerous; 1% risk of failure)
Confirm with . or Enter, or press ? or * to list all spells.
Aiming: Iron Shot (dangerous; 1% risk of failure)
Press: ? - help, Shift-Dir - straight line, f/p - Frances
Aim: Frances, wielding a +0 war axe of holy wrath and quivering curare-tipped darts (severely wounded, 76% to hit)
The iron shot hits Frances!!!
Frances is almost dead.
Donald closely misses you. The hellwing barely misses you.
The hellwing misses you.
Casting: Iron Shot (dangerous; 1% risk of failure)
Confirm with . or Enter, or press ? or * to list all spells.
Aiming: Iron Shot (dangerous; 1% risk of failure)
Press: ? - help, Shift-Dir - straight line, f/p - Frances
Aim: Frances, wielding a +0 war axe of holy wrath and quivering curare-tipped darts (almost dead, 76% to hit)
Donald reflects the iron shot off his +1 kite shield of reflection!
The iron shot misses you.
Donald hits you with a +0 war axe of holy wrath!!
The hellwing hits you! The hellwing completely misses you.
Donald hits you with a +0 war axe of holy wrath!
Donald hits you with a +0 war axe of holy wrath.
The hellwing hits you.
The hellwing hits you but does no damage.
Unknown command.
Casting: Iron Shot (dangerous; 1% risk of failure)
Confirm with . or Enter, or press ? or * to list all spells.
Okay, then.
Casting: Iron Shot (dangerous; 1% risk of failure)
Confirm with . or Enter, or press ? or * to list all spells.
Casting: Starburst (dangerous; 2% risk of failure)
Press: ? - help, Dir - look around, f - activate The bolt of fire hits Donald!!
Donald is moderately wounded.
The bolt of fire misses Frances.
The bolt of fire hits the hellwing!!!
The hellwing is severely wounded.
Donald hits you with a +0 war axe of holy wrath!!
* * * LOW HITPOINT WARNING * * *
The hellwing hits you.
You die...

#)###########################
#§.≈≈§'.#.')).+.#.#.#.††..≈≈#
#.#≈§§#.#.#...##.#.#.##...≈≈###
'.#§§§#.#.#...#.#.#.#.#...≈≈≈≈#
#.#.§.#...#...##.#.#.##...≈≈≈≈#
▓▓▓▓▓▓▓▓▓▓▓▓▓▓#.#.#.#.#.......#
........≈≈≈...##.#.#.##.......#
≈≈≈≈≈≈≈≈≈≈....'4#.#.#.#.......#
.♣♣♣♣♣♣♣......##@#.#.##########
...♣ ♣.......##@#####
..♣♣♣♣♣♣....."#.@.
.##≈≈≈≈≈≈..#°°#...#
..#≈≈≈≈≈...#(°#...#
.[#'≈≈≈≈≈####○#####
...#≈≈.....°○.# #..#≈..'#######
####(..#......#


You could see Frances, Donald (fast, strong) and a hellwing (summoned).

Vanquished Creatures
  Polyphemus (D)
  Ilsuiw (D)
  Josephine (D)
  A merfolk javelineer (D)
  2 hydras (D)
  A centaur warrior (D)
  An orc high priest (D)
  Urug (D)
  A death drake (D)
  A sea snake (D)
  A spriggan druid (D)
  A lindwurm (D)
  3 orc knights (D)
  A deep elf pyromancer (D)
  An elephant (D)
  2 cane toads (D)
  An unseen horror (D)
  A komodo dragon (D)
  A rime drake (D)
  3 wandering mushrooms (D)
  A queen bee (D)
  2 tyrant leeches (D)
  5 blink frogs (D)
  3 dream sheep (D)
  2 spriggans (D)
  A shadow (D)
  3 redbacks (D)
  A spatial vortex (D)
  A hydra simulacrum (D)
  A swamp drake (D)
  An orc warrior (D)
  2 fire dragon simulacra (D)
  2 centaurs (D)
  An earth elemental (D)
  A water elemental (D)
  A necrophage (D)
  32 killer bees (D)
  An electric eel (D)
  3 orc priests (D)
  Crazy Yiuf (D)
  A jelly (D)
  Jessica (D)
  A necromancer (D)
  3 orc wizards (D)
  A wizard (D)
  A polar bear simulacrum (D)
  3 humans (D)
  A kobold demonologist (D)
  7 orcs (D)
  An endoplasm (D)
  2 rats (D)
113 creatures vanquished.

Vanquished Creatures (others)
  3 plants (D)
3 creatures vanquished.

Grand Total: 116 creatures vanquished

Notes
Turn   | Place    | Note
-------+----------+-------------------------------------------
     0 | D        | rocky1 the Gargoyle Earth Elementalist began the quest for
                  | the Orb.
     0 | D        | Reached XP level 1. HP: 10/10 MP: 3/3
    11 | D        | Reached skill level 4 in Earth Magic
   329 | D        | Noticed Jessica
   333 | D        | Killed Jessica
   334 | D        | Reached skill level 8 in Earth Magic
   334 | D        | Reached XP level 2. HP: 15/15 MP: 0/5
   334 | D        | Reached XP level 3. HP: 19/19 MP: 0/6
   501 | D        | Learned a level 3 spell: Stone Arrow
   519 | D        | Reached skill level 1 in Fighting
   582 | D        | Noticed Crazy Yiuf
   587 | D        | Killed Crazy Yiuf
   588 | D        | Reached XP level 4. HP: 28/28 MP: 5/9
   648 | D        | Noticed a water elemental
   654 | D        | Killed a water elemental
   655 | D        | Reached skill level 9 in Earth Magic
   655 | D        | Reached XP level 5. HP: 7/34 MP: 3/11
  1003 | D        | Found a radiant altar of Vehumet.
  1003 | D        | Found a shimmering blue altar of Sif Muna.
  1003 | D        | Found an ancient bone altar of Kikubaaqudgha.
  1005 | D        | Reached skill level 5 in Fighting
  1005 | D        | Reached skill level 1 in Conjurations
  1005 | D        | Reached skill level 10 in Earth Magic
  1006 | D        | Reached skill level 5 in Spellcasting
  1018 | D        | Became a worshipper of Sif Muna the Loreminder
  1040 | D        | Noticed a shadow
  1051 | D        | Killed a shadow
  1052 | D        | Reached skill level 11 in Earth Magic
  1052 | D        | Reached XP level 6. HP: 30/42 MP: 1/15
  1156 | D        | Found a blossoming altar of Fedhas.
  1156 | D        | Found a stormy altar of Qazlal.
  1156 | D        | Found a snail-covered altar of Cheibriados.
  1156 | D        | Found a burning altar of Makhleb.
  1156 | D        | Found a shimmering altar of Xom.
  1156 | D        | Noticed a spatial vortex
  1158 | D        | Found a hazy altar of Hepliaklqana.
  1158 | D        | Found an opulent altar of Gozag.
  1158 | D        | Found a sparkling altar of Nemelex Xobeh.
  1158 | D        | Found a corrupted altar of Lugonu.
  1158 | D        | Found a viscous altar of Jiyva.
  1171 | D        | Killed a spatial vortex
  1171 | D        | Reached * piety under Sif Muna
  1172 | D        | Reached skill level 5 in Conjurations
  1172 | D        | Reached XP level 7. HP: 48/48 MP: 0/17
  1306 | D        | Found a basalt altar of Yredelemnul.
  1306 | D        | Found a shadowy altar of Dithmenos.
  1306 | D        | Found a sacrificial altar of Ru.
  1309 | D        | Reached skill level 1 in Evocations
  1374 | D        | Found a hide-covered altar of Uskayaw.
  1374 | D        | Found an iron altar of Okawaru.
  1374 | D        | Found a bloodstained altar of Trog.
  1374 | D        | Found an ornate altar of the Wu Jian Council.
  1374 | D        | Noticed a human
  1374 | D        | Noticed a human
  1377 | D        | Killed a human
  1377 | D        | Reached ** piety under Sif Muna
  1378 | D        | Reached skill level 12 in Earth Magic
  1384 | D        | Killed a human
  1630 | D        | Found a glowing silver altar of Zin.
  1630 | D        | Found a glowing golden altar of the Shining One.
  1630 | D        | Found a white marble altar of Elyvilon.
  1631 | D        | Noticed a deep elf pyromancer
  1634 | D        | Killed a deep elf pyromancer
  1635 | D        | Reached XP level 8. HP: 14/56 MP: 10/20
  2037 | D        | Noticed Josephine
  2043 | D        | Killed Josephine
  2044 | D        | Reached skill level 10 in Fighting
  2044 | D        | Reached skill level 13 in Earth Magic
  2044 | D        | Reached skill level 5 in Evocations
  2044 | D        | Reached XP level 9. HP: 62/62 MP: 3/21
  2273 | D        | Found Iziarir's Magic Scroll Emporium.
  2276 | D        | Noticed an orc knight
  2276 | D        | Noticed an orc knight
  2276 | D        | Noticed an orc knight
  2276 | D        | Noticed an orc high priest
  2279 | D        | Reached *** piety under Sif Muna
  2282 | D        | Reached **** piety under Sif Muna
  2298 | D        | Killed an orc knight
  2298 | D        | Reached ***** piety under Sif Muna
  2299 | D        | Reached skill level 5 in Invocations
  2301 | D        | Received a gift from Sif Muna
  2307 | D        | Killed an orc knight
  2308 | D        | Reached skill level 14 in Earth Magic
  2314 | D        | Killed an orc high priest
  2315 | D        | Reached skill level 10 in Conjurations
  2315 | D        | Reached XP level 10. HP: 68/70 MP: 7/23
  2364 | D        | Killed an orc knight
  2365 | D        | Reached skill level 10 in Spellcasting
  2538 | D        | Bought a scroll of blinking for 75 gold pieces
  2538 | D        | Bought a scroll of fog for 20 gold pieces
  2538 | D        | Bought a scroll of identify for 20 gold pieces
  2538 | D        | Bought a scroll of fog for 20 gold pieces
  2538 | D        | Bought a scroll of blinking for 75 gold pieces
  2568 | D        | Received a gift from Sif Muna
  2569 | D        | Got Sif Muna's Disquisition on Shifting Air {god gift}
  2638 | D        | Noticed a centaur warrior
  2646 | D        | Killed a centaur warrior
  2647 | D        | Reached skill level 15 in Earth Magic
  3055 | D        | Killed an unseen horror
  3237 | D        | Noticed a cane toad
  3237 | D        | Noticed a cane toad
  3240 | D        | Killed a cane toad
  3242 | D        | Killed a cane toad
  3242 | D        | Received a gift from Sif Muna
  3246 | D        | Reached XP level 11. HP: 48/76 MP: 4/26
  3246 | D        | Got Doneujas's Reference Book on Combat Magic {god gift}
  3431 | D        | Reached skill level 16 in Earth Magic
  3636 | D        | Received a gift from Sif Muna
  3637 | D        | Got Seufer's Collected Works on the Dark Glacier {god gift}
  4179 | D        | Learned a level 5 spell: Irradiate
  4284 | D        | Noticed a lindwurm
  4289 | D        | Killed a lindwurm
  4290 | D        | Reached skill level 17 in Earth Magic
  4728 | D        | Noticed Urug
  4732 | D        | Killed Urug
  4833 | D        | Noticed a five-headed hydra
  4833 | D        | Noticed a seven-headed hydra
  4834 | D        | Received a gift from Sif Muna
  4860 | D        | Learned a level 6 spell: Starburst
  4883 | D        | Killed a seven-headed hydra
  5409 | D        | Killed a five-headed hydra
  5711 | D        | Noticed a death drake
  5715 | D        | Killed a death drake
  5716 | D        | Reached skill level 5 in Fire Magic
  5776 | D        | Found a blossoming altar of Fedhas.
  5776 | D        | Noticed a spriggan druid
  5790 | D        | Killed a spriggan druid
  5791 | D        | Reached skill level 15 in Conjurations
  5819 | D        | Received a gift from Sif Muna
  5826 | D        | Reached skill level 10 in Invocations
  5833 | D        | Got Sif Muna's Collected Works on Supportive Curses {god
                  | gift}
  6491 | D        | Noticed Polyphemus
  6516 | D        | Killed Polyphemus
  6517 | D        | Reached XP level 12. HP: 25/82 MP: 9/27
  6832 | D        | Noticed Ilsuiw
  6866 | D        | Killed Ilsuiw
  6867 | D        | Reached skill level 18 in Earth Magic
  7274 | D        | Found Hihamef's Antique Armour Emporium.
  7360 | D        | Found Cuug's Jewellery Shop.
  7361 | D        | Found Zideokiq's Distillery.
  7362 | D        | Noticed a merfolk javelineer
  7379 | D        | Killed a merfolk javelineer
  7724 | D        | Bought an amulet of regeneration for 360 gold pieces
  7724 | D        | Bought a +6 ring of intelligence for 702 gold pieces
  7731 | D        | Bought a potion of heal wounds for 70 gold pieces
  7745 | D        | Got a barnacled rune of Zot
  7795 | D        | Learned a level 7 spell: Orb of Destruction
  7857 | D        | Received a gift from Sif Muna
  7877 | D        | Learned a level 6 spell: Iron Shot
  7987 | D        | Identified the amulet "Arirgh" {Faith rN+}
  8079 | D        | Received a gift from Sif Muna
  8083 | D        | Received a gift from Sif Muna
  8094 | D        | Received a gift from Sif Muna
  8122 | D        | Got Sif Muna's Collected Works on Creative Moulding {god
                  | gift}
  8122 | D        | Got Sif Muna's Incunabulum of Moulding and Attacks {god
                  | gift}
  8311 | D        | Noticed Donald
  8311 | D        | Noticed Frances
  8317 | D        | HP: 3/82 [Donald/+0 war axe of holy wrath (29)]
  8317 | D        | Slain by a hellwing

Illustrated notes

Levels and vault maps discovered:
D:        dungeon_sprint_mu [sprint_mu_entry_forest, sprint_mu_temple_rooms,
          sprint_mu_d1_horrors, sprint_mu_d2_genie, sprint_mu_d3_branching,
          sprint_mu_orc_legion, sprint_mu_elf_gauntlet, sprint_mu_hive_nellie,
          sprint_mu_lair_fedhas, sprint_mu_vaults_butterflies,
          sprint_mu_slime_circle, sprint_mu_swamp_cave, sprint_mu_shoals_archi,
          sprint_mu_blade_basic, sprint_mu_crypt_fortress,
          sprint_mu_tomb_spiral, sprint_mu_vestibule_basic,
          sprint_mu_gehenna_hellfire, sprint_mu_dis_giant,
          sprint_mu_tartarus_statrot, sprint_mu_cocytus_islands, sprint_mu_zot1]

Skill      XL: |  1  2  3  4  5  6  7  8  9 10 11 12 |
---------------+-------------------------------------+-----
Earth Magic    | 8 9 11 12 13 14 15 17 18 | 18.6
Fighting       | 3 4 6 7 9 10 11 12 | 12.7
Spellcasting   | 3 4 6 8 9 11 | 11.3
Conjurations   | 4 5 7 8 10 11 15 16 | 16.5
Evocations     | 4 5 6 8 |  8.3
Invocations    | 2 4 7 9 10 12 | 12.1
Transmutations | 3 |  3.2
Fire Magic     | 7 9 |  9.0
Dodging        | |  1.5
Stealth        | |  2.1

Action                   |  1- 3 |  4- 6 |  7- 9 | 10-12 || total
-------------------------+-------+-------+-------+-------++-------
Melee: Unarmed           |    21 |       |       |       ||    21
       Dagger            |       |       |     1 |    49 ||    50
       Punch             |       |       |       |     1 ||     1
 Cast: Sandblast         |    11 |    19 |       |       ||    30
       Stone Arrow       |       |     6 |    43 |   151 ||   200
       Lehudib's Crystal |       |       |       |     3 ||     3
       Starburst         |       |       |       |    19 ||    19
       Iron Shot         |       |       |       |     4 ||     4
Invok: Channel Magic     |       |       |     3 |     9 ||    12
       Divine Exegesis   |       |       |       |     3 ||     3
       Forget Spell      |       |       |       |     1 ||     1
Evoke: Condenser vane    |       |       |     1 |       ||     1
  Use: Scroll            |       |       |     2 |     4 ||     6
       Potion            |       |       |     1 |     4 ||     5
Armor: Robe              |     8 |     5 |     3 |   118 ||   134
Dodge: Dodged            |    11 |     3 |     8 |   119 ||   141

Table legend: (Time is in decaauts)
 A = Elapsed time spent in this place.
 B = Non-inter-level travel time spent in this place.
 C = Inter-level travel time spent in this place.
 D = Time resting spent in this place.
 E = Time spent auto-exploring this place.
 F = Levels seen in this place.
 G = Mean time per level.
                   A        B        C        D        E       F      G
               +--------+--------+--------+--------+--------+-----+--------+
         Total |   8375 |   8267 |    108 |   6741 |      0 |   1 | 8375.0 |
       Dungeon |   8375 |   8267 |    108 |   6741 |      0 |   1 | 8375.0 |
               +--------+--------+--------+--------+--------+-----+--------+

Top non-repeatable levels by time:
       D: 8375 daAuts
